 Dungeon Sprint DCSS version 0.27-a0-65-gfb268537a3 (webtiles) character file.

Game seed: 1880028020449825093

9456 rocky1 the Earth Mage (level 11, -13/64 HPs)
             Began as a Gargoyle Earth Elementalist on Jan 9, 2021.
             Was a High Priest of Sif Muna.
             Killed from afar by a crystal guardian (47 damage)
             ... with a crystal bolt
             ... in the Dungeon (Sprint II: "The Violet Keep of Menkaure").
             The game lasted 00:20:12 (2324 turns).

rocky1 the Earth Mage (Gargoyle Earth Elementalist) Turns: 2324, Time: 00:20:12

Health: -13/64     AC: 15    Str: 12    XL:     11   Next: 46%
Magic:  11/36      EV: 14    Int: 19    God:    Sif Muna [*****.]
Gold:   309        SH:  0    Dex: 10    Spells: 21/34 levels left

rFire    . . .     SeeInvis .   h - +2 dire flail of the Neverending Tusks {freeze, rElec}
rCold    . . .     Faith    .   (shield currently unavailable)
rNeg     + . .     Spirit   .   a - +3 robe of Clouds {+Thunder rCloud rElec}
rPois    ∞         Reflect  .   (no helmet)
rElec    +         Harm     .   (no cloak)
rCorr    .         Rampage  .   (no gloves)
Will     .....     NoTele   +   j - +1 pair of boots
Stlth    ++........             (no amulet)
HPRegen  0.20/turn              p - ring of magical power
MPRegen  0.25/turn              (no ring)

@: no status effects
A: negative energy resistance 1, electricity resistance, unbreathing,
petrification resistance, miasma immunity, AC +8
a: Renounce Religion, Evoke Thunderclouds, Channel Magic, Forget Spell, Divine
Exegesis


You were in the Dungeon.
You worshipped Sif Muna.
Sif Muna was extremely pleased with you.
You visited 1 branch You collected 1637 gold pieces.
You spent 1328 gold pieces at shops.

Inventory:

Hand Weapons
 h - the +2 dire flail of the Neverending Tusks (weapon) {freeze, rElec}
   (You bought it in a shop in the Dungeon)

   It has been specially enchanted to freeze those struck by it, causing extra
   injury to most foes and up to half again as much damage against particularly
   susceptible opponents.
   It can also slow down cold-blooded creatures.
   It insulates you from electricity.
Missiles
 b - 25 stones
Armour
 a - the +3 robe of Clouds (worn) {+Thunder rCloud rElec}
   (You bought it in a shop in the Dungeon)

   It insulates you from electricity.
 j - a +1 pair of boots (worn)
Magical Staves
 e - an uncursed staff of fire
Jewellery
 p - a ring of magical power (left hand)
Scrolls
 i - a scroll of blinking
 n - 2 scrolls of amnesia
 o - 3 scrolls of enchant armour
 u - 2 scrolls of remove curse
Potions
 d - 5 potions of curing
 f - a potion of haste
 g - 4 potions of magic
 l - a potion of invisibility
 r - 3 potions of flight
 s - 4 potions of resistance
 t - a potion of might {unknown}
 x - 2 potions of berserk rage
 z - a potion of attraction {unknown}
 A - 7 potions of heal wounds


   Skills:
 + Level 6.3 Fighting
 + Level 5.2 Dodging
 - Level 2.1 Stealth
 + Level 12.4 Spellcasting
 - Level 0.7 Transmutations
 + Level 19.7 Earth Magic
 + Level 11.3 Invocations
 + Level 9.6 Evocations


You had 21 spell levels left.
You knew the following spells:

 Your Spells              Type           Power        Failure   Level
a - Sandblast             Erth           100%         0%          1
b - Stone Arrow           Conj/Erth      98%          1%          3
c - Lee's Rapid Deconstr  Erth           36%          1%          5
d - Petrify               Tmut/Erth      50%          1%          4

Your spell library contained the following spells:

 Spells                   Type           Power        Failure   Level
 Passwall                 Tmut/Erth      41%          1%          2


Dungeon Overview and Level Annotations

Branches:
Dungeon (1/1)

Altars:
Cheibriados
Dithmenos
Elyvilon
Fedhas
Gozag
Hepliaklqana
Kikubaaqudgha
Makhleb
Nemelex Xobeh
Okawaru
Qazlal
Ru
Sif Muna
Trog
Uskayaw
Vehumet
Wu Jian
Xom
Yredelemnul
Zin
The Shining One
Beogh
Jiyva
Lugonu

Shops:
D }:=:*}(?!*[=[!?

Annotations:
D exclusion: oklob plant, Roxanne


Innate Abilities, Weirdness & Mutations

You are resistant to torment.
Your stone body is resilient. (AC +8)
You are immune to poison.
You resist negative energy. (rN+)
You are resistant to electric shocks. (rElec)
You can survive without breathing.
You are immune to petrification.
You are immune to miasma.


Message History

Casting: Lee's Rapid Deconstruction (safe; 1% risk of failure)
Confirm with . or Enter, or press ? or * to list all spells.
You don't have enough magic to cast that spell.
Unknown command.
You enter the shallow water.
Moving in this stuff is going to be slow.
Things that are here:
an uncursed amulet of inaccuracy; a +0 robe
Casting: Lee's Rapid Deconstruction (safe; 1% risk of failure)
Confirm with . or Enter, or press ? or * to list all spells.
Aiming: Lee's Rapid Deconstruction (safe; 1% risk of failure)
Press: ? - help, Dir - move target, p - crystal guardian A stone wall.
The wall shatters!
The blast of rock fragments hits the crystal guardian!
The crystal guardian is severely damaged.
The crystal guardian fires a crystalline bolt at you.
The crystal bolt freezes you!!!
Ouch! That really hurt!
You die...

≈##.# ##.#### +.##†#})▓.......(▓
≈#.###.# ...# ..†####▓..([)...▓
###.#÷####..## #..##.#▓[...![))▓
.###'###.##..# +..#..#▓.[)..)..▓
.###.##...#..# #.†#..#▓.)..[...▓
#.'.<.'##.'..####^.##.#▓........▓
.###.##...#.§..###8..##▓▓▓▓▓▓▓'▓▓
.###'###.##.§....○≈≈≈≈≈≈≈≈≈≈≈≈...
###.#.####≈≈....@≈#)########'###.
≈#..##.#≈≈≈≈≈§≈..≈#.._._._.#≈§≈##
≈##..###≈≈≈≈≈≈≈≈.≈#._._._..#≈§§≈#
≈≈##'##≈≈≈§§§≈§§§≈#_._._._.#§§≈≈≈
#≈≈≈≈≈≈≈≈≈≈§≈§§§§§#._._._._#§§§≈§
#+++#+++#≈§≈≈§≈≈≈≈#.._._._.#§§§§§
≈≈§§. ##§≈§###§§#..._._._#≈§≈§§
§≈§.≈≈≈§§##§≈# #§§#...._._.#§§§≈§
≈≈§§8§§§≈≈+≈§#+#§≈#....._._#≈≈≈§▓


You could see a crystal guardian.

Vanquished Creatures
  A kraken (D)
  2 sphinxes (D)
  2 death drakes (D)
  2 deep trolls (D)
  A yaktaur (D)
  3 polar bears (D)
  A hornet (D)
  2 wyverns (D)
  4 water moccasins (D)
  2 swamp drakes (D)
  4 necrophages (D)
  4 lava snakes (D)
  A hell rat (D)
  4 worker ants (D)
  3 worms (D)
  5 tentacles (D)
41 creatures vanquished.

Vanquished Creatures (others)
  Menkaure (D)
  A water moccasin (D)
  7 tentacles (D)
9 creatures vanquished.

Grand Total: 50 creatures vanquished

Notes
Turn   | Place    | Note
-------+----------+-------------------------------------------
     0 | D        | rocky1 the Gargoyle Earth Elementalist began the quest for
                  | the Orb.
     0 | D        | Reached XP level 1. HP: 10/10 MP: 3/3
     1 | D        | Noticed a worker ant
     1 | D        | Noticed a worker ant
    16 | D        | Noticed a worker ant
    31 | D        | Killed a worker ant
    32 | D        | Reached skill level 6 in Earth Magic
    32 | D        | Reached XP level 2. HP: 15/15 MP: 0/6
    43 | D        | Reached skill level 7 in Earth Magic
    43 | D        | Reached XP level 3. HP: 7/19 MP: 1/8
    75 | D        | Killed Menkaure
   268 | D        | Learned a level 3 spell: Stone Arrow
   271 | D        | Reached skill level 8 in Earth Magic
   271 | D        | Reached XP level 4. HP: 24/24 MP: 6/10
   275 | D        | Reached skill level 9 in Earth Magic
   379 | D        | Killed a water moccasin
   454 | D        | Reached skill level 5 in Spellcasting
   548 | D        | Found Dobby's Jewellery Boutique.
   548 | D        | Found Azuadd's Distillery.
   548 | D        | Found Myf Pamu's Antique Armour Shop.
   549 | D        | Found Iratudoq's Magic Scroll Shop.
   549 | D        | Found Zeuf's Assorted Antiques.
   549 | D        | Found Umasamekh's Distillery.
   549 | D        | Found Cezeg's Magic Scroll Boutique.
   550 | D        | Found Haruraom's Gadget Boutique.
   550 | D        | Found Woim's Assorted Antiques.
   551 | D        | Found Enuryang's Antique Armour Shop.
   551 | D        | Found Jikkikla's Antique Weapon Boutique.
   551 | D        | Noticed a wyvern
   552 | D        | Found Oqyfri's Book Boutique.
   552 | D        | Found Pelappelle's Jewellery Shop.
   552 | D        | Noticed a water moccasin
   552 | D        | Noticed a wyvern
   552 | D        | Noticed a wyvern
   552 | D        | Noticed an oklob plant
   553 | D        | Found Ipi Voru's Book Shoppe.
   553 | D        | Found Dihed's Gadget Boutique.
   555 | D        | Noticed a death yak
   558 | D        | Noticed a cane toad
   559 | D        | Noticed a cane toad
   590 | D        | Killed a water moccasin
   591 | D        | Reached skill level 11 in Earth Magic
   591 | D        | Reached XP level 5. HP: 28/28 MP: 8/13
   599 | D        | Learned a level 5 spell: Lee's Rapid Deconstruction
   604 | D        | Learned a level 4 spell: Petrify
   607 | D        | Learned a level 2 spell: Passwall
   613 | D        | Noticed a necrophage
   613 | D        | Noticed a necrophage
   613 | D        | Noticed a necrophage
   613 | D        | Noticed a necrophage
   615 | D        | Killed a necrophage
   615 | D        | Killed a necrophage
   615 | D        | Killed a necrophage
   615 | D        | Killed a necrophage
   616 | D        | Reached skill level 14 in Earth Magic
   616 | D        | Reached XP level 6. HP: 32/32 MP: 1/17
   616 | D        | Reached XP level 7. HP: 36/36 MP: 1/18
   743 | D        | Bought the +3 robe of Clouds {+Thunder rCloud rElec} for
                  | 683 gold pieces
   743 | D        | Found the +3 robe of Clouds {+Thunder rCloud rElec}
   773 | D        | Found a roughly hewn altar of Beogh.
   774 | D        | Found a hazy altar of Hepliaklqana.
   774 | D        | Found a snail-covered altar of Cheibriados.
   775 | D        | Found a stormy altar of Qazlal.
   775 | D        | Found a viscous altar of Jiyva.
   775 | D        | Found a shadowy altar of Dithmenos.
   776 | D        | Found a sacrificial altar of Ru.
   776 | D        | Found an ancient bone altar of Kikubaaqudgha.
   776 | D        | Found a white marble altar of Elyvilon.
   777 | D        | Found an ornate altar of the Wu Jian Council.
   777 | D        | Found a shimmering blue altar of Sif Muna.
   777 | D        | Found a corrupted altar of Lugonu.
   778 | D        | Found a shimmering altar of Xom.
   778 | D        | Found a bloodstained altar of Trog.
   778 | D        | Found a burning altar of Makhleb.
   779 | D        | Found a glowing golden altar of the Shining One.
   779 | D        | Found a basalt altar of Yredelemnul.
   779 | D        | Found a hide-covered altar of Uskayaw.
   781 | D        | Found a glowing silver altar of Zin.
   781 | D        | Found a radiant altar of Vehumet.
   781 | D        | Found a blossoming altar of Fedhas.
   781 | D        | Found a sparkling altar of Nemelex Xobeh.
   781 | D        | Noticed a hornet
   781 | D        | Noticed a polar bear
   782 | D        | Found an opulent altar of Gozag.
   782 | D        | Found an iron altar of Okawaru.
   782 | D        | Noticed a yaktaur
   782 | D        | Noticed a polar bear
   783 | D        | Noticed a polar bear
   788 | D        | Became a worshipper of Sif Muna the Loreminder
   794 | D        | Killed a yaktaur
   794 | D        | Killed a hornet
   795 | D        | Reached skill level 15 in Earth Magic
   795 | D        | Reached XP level 8. HP: 13/41 MP: 3/21
   802 | D        | Killed a polar bear
   802 | D        | Reached * piety under Sif Muna
   803 | D        | Killed a polar bear
   804 | D        | Reached skill level 16 in Earth Magic
   804 | D        | Reached skill level 5 in Invocations
   810 | D        | Killed a polar bear
  1062 | D        | Noticed a wyvern
  1062 | D        | Noticed a wyvern
  1064 | D        | Killed a wyvern
  1064 | D        | Reached ** piety under Sif Muna
  1065 | D        | Reached skill level 5 in Evocations
  1065 | D        | Reached XP level 9. HP: 45/45 MP: 11/22
  1068 | D        | Reached skill level 10 in Spellcasting
  1232 | D        | Bought a scroll of remove curse for 39 gold pieces
  1239 | D        | Bought a warped dire flail for 216 gold pieces
  1239 | D        | Identified the cursed +2 dire flail of the Neverending
                  | Tusks {freeze, rElec} (You bought it in a shop in the
                  | Dungeon)
  1302 | D        | Noticed Roxanne
  1337 | D        | Noticed a kraken
  1343 | D        | Reached skill level 17 in Earth Magic
  1346 | D        | Reached *** piety under Sif Muna
  1496 | D        | Killed a kraken
  1497 | D        | Reached skill level 18 in Earth Magic
  1497 | D        | Reached XP level 10. HP: 33/50 MP: 16/25
  1679 | D        | Reached **** piety under Sif Muna
  1803 | D        | Noticed a sixfirhy
  1853 | D        | Noticed a deep troll
  1853 | D        | Noticed a deep troll
  1856 | D        | Killed a deep troll
  1857 | D        | Killed a deep troll
  1858 | D        | Reached skill level 1 in Fighting
  1858 | D        | Reached skill level 19 in Earth Magic
  1956 | D        | Noticed a sphinx
  1956 | D        | Noticed a sphinx
  1962 | D        | Killed a sphinx
  1963 | D        | Reached skill level 10 in Invocations
  1963 | D        | Reached XP level 11. HP: 20/61 MP: 5/26
  1963 | D        | Killed a sphinx
  1964 | D        | Reached skill level 5 in Fighting
  2253 | D        | Bought 2 potions of heal wounds for 130 gold pieces
  2253 | D        | Bought a potion of curing for 39 gold pieces
  2253 | D        | Bought a potion of heal wounds for 65 gold pieces
  2257 | D        | Bought a potion of heal wounds for 60 gold pieces
  2257 | D        | Bought a potion of heal wounds for 60 gold pieces
  2257 | D        | Bought a potion of curing for 36 gold pieces
  2313 | D        | Noticed a death drake
  2313 | D        | Noticed a death drake
  2315 | D        | Killed a death drake
  2315 | D        | Reached ***** piety under Sif Muna
  2315 | D        | Identified Sif Muna's Guide on Displacement and Conjuration
                  | (Sif Muna gifted it to you in the Dungeon)
  2315 | D        | Received a gift from Sif Muna
  2315 | D        | Noticed a crystal guardian
  2317 | D        | Reached skill level 5 in Dodging
  2318 | D        | Killed a death drake
  2324 | D        | Killed from afar by a crystal guardian

Illustrated notes

Levels and vault maps discovered:
D:        the_violet_keep_of_menkaure [sprint2_stairs_cluster_1,
          sprint2_shoproom, sprint2_temple, sprint2_basic_supplies,
          sprint2_obstacle_6, sprint2_obstacle_5, sprint2_obstacle_1,
          sprint2_obstacle_7, sprint2_obstacle_3, sprint2_timed_cluster_1,
          sprint2_smallroom_cluster_1, sprint2_smallroom_final_cluster_1,
          sprint2_transparent_cluster_1, sprint2_second_timed_cluster_1,
          sprint2_sniper_area_1, sprint2_heavy_combat_area_1,
          sprint2_mutation_trap_area_1, sprint2_forest_area_1,
          sprint2_light_combat_area_1, sprint2_behind_water_1,
          sprint2_near_end_vault_1]

Skill      XL: |  1  2  3  4  5  6  7  8  9 10 11 |
---------------+----------------------------------+-----
Spellcasting   | 3 4 6 8 9 11 12 | 12.4
Earth Magic    | 6 7 8 11 14 15 16 18 19 | 19.7
Invocations    | 4 6 8 10 11 | 11.3
Evocations     | 3 5 7 8 9 |  9.6
Fighting       | 4 6 |  6.3
Dodging        | 3 5 |  5.2
Stealth        | |  2.1
Transmutations | |  0.7

Action                   |  1- 3 |  4- 6 |  7- 9 | 10-12 || total
-------------------------+-------+-------+-------+-------++-------
Melee: Unarmed           |    10 |    23 |       |       ||    33
 Cast: Sandblast         |     6 |    12 |     5 |       ||    23
       Lee's Rapid Decon |       |     2 |    26 |    23 ||    51
Invok: Channel Magic     |       |       |     2 |     1 ||     3
  Use: Potion            |     1 |     1 |     1 |     1 ||     4
       Scroll            |       |       |     1 |    10 ||    11
Armor: Robe              |     1 |     3 |     8 |     6 ||    18
Dodge: Dodged            |     7 |    10 |     8 |     2 ||    27

Table legend: (Time is in decaauts)
 A = Elapsed time spent in this place.
 B = Non-inter-level travel time spent in this place.
 C = Inter-level travel time spent in this place.
 D = Time resting spent in this place.
 E = Time spent auto-exploring this place.
 F = Levels seen in this place.
 G = Mean time per level.
                   A        B        C        D        E       F      G
               +--------+--------+--------+--------+--------+-----+--------+
         Total |   2450 |   2450 |      0 |   1400 |      0 |   1 | 2450.0 |
       Dungeon |   2450 |   2450 |      0 |   1400 |      0 |   1 | 2450.0 |
               +--------+--------+--------+--------+--------+-----+--------+

Top non-repeatable levels by time:
       D: 2450 daAuts
